 Dungeon Crawl Stone Soup version 0.28.0 (webtiles) character file.

Game seed: 14632553379631506599

191 Gabide the Poker (level 5, 0/28 HPs)
             Began as a Vine Stalker Fighter on Feb 15, 2022.
             Succumbed to a gnoll's poison
             ... on level 6 of the Dungeon.
             The game lasted 00:03:46 (2847 turns).

Gabide the Poker (Vine Stalker Fighter)             Turns: 2847, Time: 00:03:47

Health: 0/28       AC:  9    Str: 19 (21) XL:     5   Next: 70%
Magic:  1/6        EV:  9    Int:  7 (8)  God:
Gold:   207        SH:  4    Dex: 11 (13) Spells: 4/4 levels left

rFire   . . .      SeeInvis .   a - +0 trident
rCold   . . .      Faith    .   c - +0 buckler
rNeg    . . .      Spirit   +   b - +0 scale mail
rPois   .          Reflect  .   (no helmet)
rElec   .          Harm     .   n - +1 cloak
rCorr   .          Rampage  .   (no gloves)
Will    .....                   (no boots)
Stlth   ..........              (no amulet)
HPRegen 0.89/turn               (no ring)
MPRegen 0.10/turn               (no ring)

@: lethally poisoned (0 -> 0)
A: fangs 2, regeneration 1, magic shield, antimagic bite, no potion heal 2
a: no special abilities


You were on level 6 of the Dungeon.
You visited 1 branch of the dungeon, and saw 5 of its levels.

You collected 207 gold pieces.

Inventory:

Hand Weapons
 a - a +0 trident (weapon)
Armour
 b - a +0 scale mail (worn)
 c - a +0 buckler (worn)
 n - a +1 cloak (worn)
Wands
 o - a wand of flame (18)
Scrolls
 e - a scroll of identify {unknown}
 g - 3 scrolls of blinking {unknown}
 h - 2 scrolls of teleportation {unknown}
 i - 3 scrolls of noise {unknown}
 m - a scroll of silence {unknown}
Potions
 d - 2 potions of might
 f - a potion of degeneration
 k - a potion of brilliance {unknown}
 l - a potion of heal wounds {unknown}


   Skills:
 * Level 3.3 Fighting
 + Level 3.4 Polearms
 + Level 3.3 Armour
 + Level 0.9 Dodging
 + Level 3.1 Shields


You had 4 spell levels left.
You didn't know any spells.
Your spell library contained the following spells:

 Spells                   Type           Power      Damage    Failure   Level
 Tukima's Dance           Hex            0%         N/A       99%         3
 Anguish                  Hex/Necr       0%         N/A       100%        4
 Enfeeble                 Hex            0%         N/A       100%        7


Dungeon Overview and Level Annotations

Branches:
Dungeon (4/15)
 Temple: D:4-7

Altars:
Gozag
Zin


Innate Abilities, Weirdness & Mutations

You have extremely sharp teeth.
Your natural rate of healing is unusually fast.
When hurt, damage is shared between your health and your magic reserves.
Your bite disrupts and absorbs the magic of your enemies.
Potions cannot restore your health.


Message History

You are too injured to fight recklessly!
You are too injured to fight recklessly!
You are too injured to fight recklessly!
You are too injured to fight recklessly!
You are too injured to fight recklessly!
You are too injured to fight recklessly!
You are too injured to fight recklessly!
You are too injured to fight recklessly!
You are too injured to fight recklessly!
You are too injured to fight recklessly!
You are too injured to fight recklessly!
You are too injured to fight recklessly!
Unknown command.
You feel very sick.
You feel sick.
You hit the gnoll. Your bite misses the gnoll.
The gnoll is lightly wounded.
You feel sick. The gnoll hits you with a +0 whip.
* * * LOW HITPOINT WARNING * * *
You hit the gnoll.
The gnoll is severely wounded.
You feel sick. The gnoll misses you.
Throw: throwing net
Press: ? - help, Q - select action, (/) - cycle Shift-Dir - straight line, f - gnoll
Aim: a gnoll, wielding a +0 whip (severely wounded, 61% to hit)
You throw a throwing net.
The throwing net barely misses the gnoll.
The throwing net closely misses the gnoll.
You feel sick. The gnoll barely misses you.
You barely miss the gnoll.
The gnoll is severely wounded.
You feel sick. The gnoll hits you with a +0 whip.
* * * LOW HITPOINT WARNING * * *
Unknown command.
It was a potion of degeneration.
There was something very wrong with that liquid.
You feel weakened.
You feel dopey.
You feel clumsy.
* * * LOW HITPOINT WARNING * * *
You feel sick. The gnoll closely misses you.
You die...

#####.....##.##########
.....................>#
#.####..###.###...##..
####.####......###...#..#
.......)#.......##...#..#
#.g############...# ##g#
#.......#.... #.##
#._..._.#...# #@.#
#.......#.... ##.#
##.....##...# ..#
###'###....# #.#
#..........# ..
######.##... #.. #.##...
.## ####.####. .#
#..)...... #.##)#####


You could see 2 gnolls.

Vanquished Creatures
  A centaur zombie (D:6)
  Crazy Yiuf (D:3)
  2 gnolls (D:6)
  3 adders
  2 worms (D:3)
  A dart slug (D:1)
  4 orcs
  4 ball pythons
  9 endoplasms
  5 giant cockroaches
  6 hobgoblins
  3 jackals (D:1)
  6 kobolds
  3 quokkas (D:2)
  5 bats
  3 frilled lizards
  4 goblins
  9 rats
71 creatures vanquished.

Notes
Turn   | Place    | Note
-------+----------+-------------------------------------------
     0 | D:1      | Gabide the Vine Stalker Fighter began the quest for the
                  | Orb.
     0 | D:1      | Reached XP level 1. HP: 11/11 MP: 2/2
    92 | D:1      | Reached XP level 2. HP: 16/16 MP: 3/3
   328 | D:1      | Found a faded altar of an unknown god.
   343 | D:1      | Reached XP level 3. HP: 15/20 MP: 1/4
  1432 | D:2      | Gained mutation: Your natural rate of healing is unusually
                  | fast. [Vine Stalker growth]
  1432 | D:2      | Reached XP level 4. HP: 24/24 MP: 5/5
  2303 | D:3      | Found a runed translucent door.
  2304 | D:3      | Noticed Crazy Yiuf
  2442 | D:3      | Killed Crazy Yiuf
  2443 | D:3      | Reached XP level 5. HP: 28/28 MP: 6/6
  2592 | D:4      | You fall into a shaft and drop 2 floors!
  2780 | D:6      | Found a glowing silver altar of Zin.
  2781 | D:6      | Found an opulent altar of Gozag.
  2845 | D:6      | HP: 1/28 [gnoll (2)]
  2847 | D:6      | Succumbed to a gnoll's poison

Illustrated notes

Levels and vault maps discovered:
D:1:      saegor_arrival_simple_d, layout_basic,
          ebering_ecumenical_altar_petrified, palyth_stone_intersect
D:2:      layout_rooms
D:3:      layout_basic, uniq_crazy_yiuf_cottage
D:4:      layout_loops_corners, small_statue_intersection,
          minmay_misc_feat_diagonals, uniq_robin, uniq_duvessa, uniq_edmund
D:6:      layout_basic, grunt_temple_overflow_gold_and_silver,
          minmay_liquid_box, minmay_misc_feat_cross, minmay_fractal_squares_5

Skill      XL: |  1  2  3  4  5 |
---------------+----------------+-----
Polearms       | 2 3 |  3.4
Shields        | 3 |  3.1
Fighting       | 3 |  3.3
Armour         | 3 |  3.3
Dodging        | |  0.9

Action                   |  1- 3 |  4- 6 || total
-------------------------+-------+-------++-------
Melee: Trident           |    95 |    87 ||   182
       Bite              |    15 |    21 ||    36
Throw: Throwing net      |       |     2 ||     2
  Use: Potion            |       |     1 ||     1
Armor: Scale mail        |    25 |    24 ||    49
Dodge: Dodged            |    24 |    24 ||    48
Block: Buckler           |    13 |    21 ||    34
